cohdb
Replays
Latest Replays
All Replays
Popular Replays
Top Player Replays
Match Explorer
How It Works
Community
CoH3 Stats
Reddit
Sign in to upload your games and track your stats! →
Sign in with Steam
Match 30127933
Unlisted
Match 30127933
Overview
Messages
Build Orders
End
Kettenkrad Recon Vehicle
Construct Infanterie Kompanie
MG 42 Machine Gun Team
MG 42 Machine Gun Team
GrW 34 Mortar Team
Construct Panzergrenadier Kompanie
GrW 34 Mortar Team
251 Medium Carrier
Panzergrenadier Squad
Support Elements
Panzergrenadier Squad
StuG III G Assault Gun
Pioneer Squad
StuG III G Assault Gun
Pak 40 Anti-tank Gun Team
Nebelwerfer 42 Rocket Launcher Team
Construct Panzer Kompanie
Pioneer Squad
Selects Mechanized Battlegroup
Selects Raid Package
Selects StuG Assault Group
Selects UNKNOWN (2160084)
Panther Heavy Tank
Panzer Officer Quarters
Selects Mobile Repair Stations
Selects Wespe Self-propelled Artillery
Selects Zeroing Artillery Barrage
Panther Heavy Tank
Raider
Naemnik_{MK}
bigdaddy
iAinEng
Sixtus
BOT
Uthas
CLs
0
0
Comments
sign in to comment!
No comments posted yet!